 Dungeon Crawl Stone Soup version 0.28-a0-519-gbfeecf2fc5 (webtiles) character file.

Game seed: 7079556805245446744

1908 Woods the Spear-Bearer (level 8, -13/65 HPs)
             Began as a Demonspawn Gladiator on Sept 23, 2021.
             Was an Initiate of Kikubaaqudgha.
             Mangled by an orc warrior (18 damage)
             ... on level 5 of the Dungeon.
             The game lasted 00:17:46 (5819 turns).

Woods the Spear-Bearer (Demonspawn Gladiator)       Turns: 5819, Time: 00:17:47

Health: -13/65     AC: 11    Str: 16    XL:     8   Next: 94%
Magic:  8/8        EV:  7    Int: 11    God:    Kikubaaqudgha [......]
Gold:   242        SH:  4    Dex: 14    Spells: 4/7 levels left

rFire   . . .      SeeInvis .   a - +0 trident
rCold   . . .      Faith    .   (no shield)
rNeg    + . .      Spirit   .   x - +0 chain mail
rPois   .          Reflect  .   A - +0 hat {Stlth+}
rElec   .          Harm     .   (no cloak)
rCorr   .          Rampage  .   (no gloves)
Will    .....                   (no boots)
Stlth   ..........              k - amulet of regeneration
HPRegen 1.20/turn               q - ring of positive energy
MPRegen 0.22/turn               (no ring)

@: no status effects
A: horns 1, icy blue scales 1, magic regeneration, condensation shield
a: Renounce Religion


You were on level 5 of the Dungeon.
You worshipped Kikubaaqudgha.
Kikubaaqudgha was noncommittal.
You visited 2 branches of the dungeon, and saw 6 of its levels.
You also visited: Sewer.

You collected 312 gold pieces.
You spent 70 gold pieces at shops.

Inventory:

Hand Weapons
 a - a +0 trident (weapon)
Missiles
 d - 2 throwing nets (quivered)
Armour
 b - a +0 leather armour
 c - a +0 helmet
 v - a +0 plate armour
 x - a +0 chain mail (worn)
 A - a +0 hat of stealth (worn)
Magical Staves
 t - a staff of death
Jewellery
 k - an amulet of regeneration (around neck)
 q - a ring of positive energy (left hand)
 r - a ring of magical power
Wands
 p - a wand of mindburst (9)
 y - a wand of polymorph (20)
Scrolls
 e - 3 scrolls of amnesia {unknown}
 f - 4 scrolls of teleportation
 g - a scroll of holy word {unknown}
 h - a scroll of enchant armour {unknown}
 i - a scroll of fear
 m - a scroll of fog {unknown}
 n - a scroll of brand weapon {unknown}
 o - 3 scrolls of identify
 u - a scroll of noise {unknown}
 C - a scroll of immolation {unknown}
Potions
 j - 3 potions of heal wounds
 l - a potion of curing
 s - 2 potions of lignification {unknown}
 w - a potion of might {unknown}
 z - a potion of haste {unknown}
 B - a potion of berserk rage
 D - a potion of flight {unknown}


   Skills:
 + Level 6.7 Fighting
 - Level 8.3 Polearms
 + Level 0.4(5.1) Staves
 - Level 1.7 Throwing
 - Level 3.0 Armour
 - Level 2.8 Dodging
 - Level 1.4 Shields
 + Level 0.6 Necromancy
 - Level 0.3 Evocations


You had 4 spell levels left.
You knew the following spells:

 Your Spells              Type           Power      Damage    Failure   Level
a - Vampiric Draining     Necr           0%         2d6       100%        3

Your spell library contained the following spells:

 Spells                   Type           Power      Damage    Failure   Level
 Slow                     Hex            0%         N/A       100%        2
 Confusing Touch          Hex            0%         N/A       100%        3
 Ignite Poison            Fire/Tmut/Pois 0%         N/A       100%        3
 Mephitic Cloud           Conj/Pois/Air  0%         N/A       100%        3
 Freezing Cloud           Conj/Ice/Air   0%         6-21      100%        5


Dungeon Overview and Level Annotations

Branches:
Dungeon (5/15)             Temple (1/1) D:5           Sewer (visited)

Altars:
Ashenzari
Cheibriados
Dithmenos
Elyvilon
Fedhas
Gozag
Hepliaklqana
Kikubaaqudgha
Makhleb
Nemelex Xobeh
Okawaru
Qazlal
Ru
Sif Muna
Trog
Uskayaw
Vehumet
Wu Jian
Xom
Yredelemnul
Zin
The Shining One

Shops:
D:3 ?   D:4 :

Annotations:
D:4 1 runed translucent door


Innate Abilities, Weirdness & Mutations

You have a pair of small horns on your head.
You are partially covered in icy blue scales. (AC +2)
You regenerate magic rapidly.
A meltable shield of frost defends you. (SH +4)


Message History

The orc warrior throws a boomerang.
The boomerang hits you.
You reach to attack!
You barely miss the orc warrior.
The orc warrior is lightly wounded.
The orc warrior throws a boomerang.
The boomerang hits you.
The orc warrior hits you with a +0 glaive.
You hit the orc warrior but do no damage.
The orc warrior is lightly wounded.
The orc warrior hits you with a +0 glaive!
You hit the orc warrior but do no damage.
The orc warrior is lightly wounded.
You closely miss the orc warrior.
The orc warrior is lightly wounded.
The orc warrior hits you with a +0 glaive!
You closely miss the orc warrior. Your headbutt misses the orc warrior.
The orc warrior is lightly wounded.
You block the orc warrior's attack.
You closely miss the orc warrior.
The orc warrior is lightly wounded.
The orc warrior hits you with a +0 glaive!
You closely miss the orc warrior. You headbutt the orc warrior.
The orc warrior is lightly wounded.
The orc warrior hits you but does no damage.
You barely miss the orc warrior.
The orc warrior is lightly wounded.
You block the orc warrior's attack.
You hit the orc warrior. Your headbutt misses the orc warrior.
The orc warrior is moderately wounded.
The orc warrior hits you with a +0 glaive!
* * * LOW HITPOINT WARNING * * *
You completely miss the orc warrior.
The orc warrior is moderately wounded.
The orc warrior closely misses you.
You hit the orc warrior but do no damage.
Your headbutt misses the orc warrior.
The orc warrior is moderately wounded.
The orc warrior hits you with a +0 glaive!
* * * LOW HITPOINT WARNING * * *
The orc warrior hits you from afar with a +0 glaive!!
You die...
Kikubaaqudgha rasps: "You have failed me!
Welcome... death!"

#.#########.###.....#
#........##......##.#
#................##.#
#........#......###..
#..##.####......# ##.
#...#.# #......##### #..o.#
#........... ##...#
#...........
##@.###...[..######
#########...##......#
##.....##..........).#
##..............##.##.##
#..................##..# ##
#.)................###.# #.
#....................#.####.
#..................#........
#..................###.##...


You could see an orc warrior.

Vanquished Creatures
  Sigmund (D:4)
  Eustachio (D:4)
  Edmund (D:3)
  2 water moccasins
  A necrophage (D:3)
  A black bear (D:3)
  3 ogres
  A bullfrog (D:3)
  A scorpion (D:5)
  A water moccasin zombie (D:5)
  A wyvern skeleton (D:5)
  A bullfrog skeleton (D:4)
  A jelly (D:4)
  A hound (D:5)
  Ijyb (D:3)
  4 iguanas
  3 orc wizards
  A hound skeleton (D:4)
  Robin (D:4)
  5 gnolls
  9 adders
  A river rat (D:5)
  An ufetubus (D:5)
  A worm (D:1)
  3 dart slugs
  16 orcs
  13 ball pythons
  12 bats
  12 endoplasms
  7 giant cockroaches
  16 goblins
  10 hobgoblins
  7 jackals (D:2)
  5 quokkas
  18 frilled lizards
  7 kobolds
  4 rats
174 creatures vanquished.

Vanquished Creatures (others)
  7 plants
7 creatures vanquished.

Grand Total: 181 creatures vanquished

Notes
Turn   | Place    | Note
-------+----------+-------------------------------------------
     0 | D:1      | Woods the Demonspawn Gladiator began the quest for the Orb.
     0 | D:1      | Reached XP level 1. HP: 16/16 MP: 1/1
   103 | D:1      | Reached skill level 3 in Polearms
   145 | D:1      | Gained mutation: You have a pair of small horns on your
                  | head. [demonic ancestry]
   145 | D:1      | Reached XP level 2. HP: 21/22 MP: 2/2
   557 | D:1      | Reached XP level 3. HP: 24/27 MP: 3/3
   644 | D:1      | Found a faded altar of an unknown god.
  1367 | D:2      | Reached skill level 4 in Polearms
  1367 | D:2      | Reached skill level 1 in Armour
  1367 | D:2      | Gained mutation: A meltable shield of frost defends you.
                  | (SH +4) [demonic ancestry]
  1367 | D:2      | Reached XP level 4. HP: 34/34 MP: 4/4
  1663 | D:3      | Found a hide-covered altar of Uskayaw.
  1988 | D:2      | Reached XP level 5. HP: 16/39 MP: 5/5
  2114 | D:3      | Noticed a necrophage
  2269 | D:3      | Killed a necrophage
  2270 | D:3      | Reached skill level 5 in Polearms
  2270 | D:3      | Gained mutation: You are partially covered in icy blue
                  | scales. (AC +2) [demonic ancestry]
  2270 | D:3      | Reached XP level 6. HP: 44/47 MP: 6/6
  2437 | D:3      | Found Ryotiwes's Magic Scroll Emporium.
  2645 | D:3      | Bought a scroll of identify for 28 gold pieces
  2645 | D:3      | Bought a scroll of teleportation for 42 gold pieces
  2892 | D:4      | Noticed Ijyb
  3034 | D:3      | Killed Ijyb
  3276 | D:4      | Noticed Sigmund
  3749 | D:4      | Found Doroaq's Self-Improvement Boutique.
  3837 | D:4      | Noticed Edmund
  3912 | D:3      | Reached skill level 6 in Polearms
  3912 | D:3      | Gained mutation: You regenerate magic rapidly. [demonic
                  | ancestry]
  3912 | D:3      | Reached XP level 7. HP: 41/52 MP: 7/7
  3944 | D:4      | Noticed Robin
  4185 | D:3      | Killed Edmund
  4186 | D:3      | Reached skill level 1 in Shields
  4250 | D:4      | Found a runed translucent door.
  4250 | D:4      | Noticed a human
  4253 | D:4      | Found a basalt altar of Yredelemnul.
  4386 | D:4      | Killed Sigmund
  4394 | D:4      | Killed Robin
  4440 | D:4      | Reached skill level 7 in Polearms
  4440 | D:4      | Reached XP level 8. HP: 49/61 MP: 8/8
  4468 | D:4      | Noticed Eustachio
  4502 | D:4      | Killed Eustachio
  4503 | D:4      | Reached skill level 5 in Fighting
  4702 | D:5      | Entered Level 5 of the Dungeon
  4765 | D:5      | Found a staircase to the Ecumenical Temple.
  5093 | D:5      | Reached skill level 8 in Polearms
  5199 | D:5      | Found a glowing drain.
  5213 | Sewer    | Entered a sewer
  5358 | Temple   | Entered the Ecumenical Temple
  5535 | Temple   | Became a worshipper of Kikubaaqudgha
  5540 | Temple   | Learned a level 3 spell: Vampiric Draining
  5819 | D:5      | Mangled by an orc warrior

Illustrated notes

Levels and vault maps discovered:
D:1:      tarquinn_simple_flora_water_a, layout_basic,
          chequers_ecumenical_altar_simple_redux, minmay_lizard_king
D:2:      layout_rooms, kennysheep_generic_room_9
D:3:      layout_basic, lemuel_tele_altar, serial_shops,
          nicolae_shop_window_shopping, feat_on_display
D:4:      minmay_chambers_of_twos, layout_rooms, dk_yredelemnul_ordeal,
          roderic_st_hans_cross, nicolae_shop_self_help, uniq_edmund,
          uniq_robin, uniq_sigmund, uniq_eustachio, uniq_ijyb
D:5:      layout_rooms, minmay_temple_entry_overgrown, gup_sewer_entry_bubbles,
          kennysheep_windowed_goal
Temple:   regret_index_temple_chain_breaker

Skill      XL: |  1  2  3  4  5  6  7  8 |
---------------+-------------------------+-----
Polearms       | 3 4 5 6 7 8 |  8.3
Armour         | 1 2 3 |  3.0
Fighting       | 3 4 6 |  6.7
Shields        | 1 |  1.4
Staves         | |  0.4
Throwing       | |  1.7
Dodging        | |  2.8
Necromancy     | |  0.6
Evocations     | |  0.3

Action                   |  1- 3 |  4- 6 |  7- 9 || total
-------------------------+-------+-------+-------++-------
Melee: Trident           |   145 |   168 |   290 ||   603
       Headbutt          |    15 |    21 |    40 ||    76
Throw: Throwing net      |       |     2 |       ||     2
Evoke: Wand              |       |     4 |       ||     4
  Use: Scroll            |       |     3 |     1 ||     4
 Stab: Sleeping          |     1 |     2 |     2 ||     5
Armor: Leather armour    |    45 |    41 |    39 ||   125
       Chain mail        |       |       |    47 ||    47
Dodge: Dodged            |   100 |    77 |   113 ||   290
Block: Other             |       |    23 |    51 ||    74

Table legend: (Time is in decaauts)
 A = Elapsed time spent in this place.
 B = Non-inter-level travel time spent in this place.
 C = Inter-level travel time spent in this place.
 D = Time resting spent in this place.
 E = Time spent auto-exploring this place.
 F = Levels seen in this place.
 G = Mean time per level.
                   A        B        C        D        E       F      G
               +--------+--------+--------+--------+--------+-----+--------+
         Total |   5877 |   5282 |    595 |    545 |   2914 |   7 |  839.6 |
       Dungeon |   5606 |   5015 |    591 |    545 |   2755 |   5 | 1121.2 |
        Temple |    186 |    182 |      4 |      0 |    117 |   1 |  186.0 |
         Sewer |     84 |     84 |      0 |      0 |     42 |   1 |   84.0 |
               +--------+--------+--------+--------+--------+-----+--------+

Top non-repeatable levels by time:
     D:3: 2086 daAuts
     D:4: 1276 daAuts
     D:1: 1125 daAuts
     D:5: 606 daAuts
     D:2: 511 daAuts
  Temple: 186 daAuts
   Sewer: 84 daAuts
